 Dungeon Crawl Stone Soup version 0.24-a0-139-geb6712d (webtiles) character file.

Game seed: 9345128418981530491

12 tilp the Skirmisher (level 2, -1/27 HPs)
             Began as a Draconian Chaos Knight on Mar 2, 2019.
             Was a Plaything of Xom.
             Slain by a kobold
             ... wielding a +2 whip of freezing
              (2 damage)
             ... on level 1 of the Dungeon.
             The game lasted 00:01:35 (415 turns).

tilp the Skirmisher (Draconian Chaos Knight)         Turns: 415, Time: 00:01:36

Health: -1/27      AC:  4    Str: 14    XL:     2   Next: 20%
Magic:  2/2        EV: 12    Int: 12    God:    Xom [..*...]
Gold:   22         SH:  0    Dex: 10    Spells: 1/1 levels left

rFire    . . .     SeeInvis .   a - +0 hand axe (chaos)
rCold    . . .     Gourm    .   (no shield)
rNeg     . . .     Faith    .   (armour unavailable)
rPois    .         Spirit   .   (helmet restricted)
rElec    .         Reflect  .   (no cloak)
rCorr    .         Harm     .   (no gloves)
MR       .....                  (no boots)
Stlth    +.........             (no amulet)
HPRegen  0.09/turn              (no ring)
MPRegen  0.08/turn              (no ring)

@: no status effects
A: unfitting armour, cold-blooded, AC +4
a: Renounce Religion


You were on level 1 of the Dungeon.
You worshipped Xom.
You were a toy of Xom.
You were not hungry.

You visited 1 branch of the dungeon, and saw 1 of its levels.

You collected 22 gold pieces.

Inventory:

Hand Weapons
 a - a +0 hand axe of chaos (weapon)
Missiles
 f - 20 stones (quivered)
Scrolls
 d - a scroll of identify {unknown}
 e - a scroll of random uselessness {unknown}
 g - a scroll of teleportation {unknown}
 h - a scroll of enchant weapon {unknown}
Comestibles
 b - 2 rations
 c - a chunk of flesh


   Skills:
 - Level 4.0 Fighting
 + Level 3.1 Axes
 - Level 2.1 Dodging


You had one spell level left.
You didn't know any spells.
Your spell library was empty.

Dungeon Overview and Level Annotations

Branches:
Dungeon (1/15)

Altars:


Innate Abilities, Weirdness & Mutations

Your plain brown scales are hard. (AC +4)
You cannot fit into any form of body armour.
You are cold-blooded and may be slowed by cold attacks.


Message History

The kobold freezes you. The kobold closely misses you.
You closely miss the kobold.
Your tail-slap misses the kobold.
The kobold hits you with a +2 whip of freezing.
The kobold freezes you.
* * * LOW HITPOINT WARNING * * *
You closely miss the kobold.
The kobold hits you with a +2 whip of freezing.
* * * LOW HITPOINT WARNING * * *
You feel as though you will be slow longer.
The kobold freezes you.
* * * LOW HITPOINT WARNING * * *
The kobold barely misses you.
The kobold throws a stone.
The stone hits you.
* * * LOW HITPOINT WARNING * * *
You see here 2 stones.
You see here a stone.
You feel yourself speed up.
The kobold hits you with a +2 whip of freezing.
You die... "It's not fun and games unless someone loses an eye."

##### #...........# ##
.....##..........รท#####
..........#####........
..........############.
.............# #.
##.....###.# #. #.....#
#.# #. ##.#### #.# #.
#@# #.# #. #K#
#.######### #.####(#
#.......... #......#
##########.
............... #.
.#............. ##.
...###########. #.. ##
###


You could see a kobold.

Vanquished Creatures
  A leopard gecko (D:1)
  3 goblins (D:1)
  2 hobgoblins (D:1)
  A frilled lizard (D:1)
  3 rats (D:1)
10 creatures vanquished.

Vanquished Creatures (collateral kills)
  A hobgoblin (D:1)
1 creature vanquished.

Grand Total: 11 creatures vanquished

Notes
Turn   | Place    | Note
-------+----------+-------------------------------------------
     0 | D:1      | tilp the Draconian Chaos Knight began the quest for the
                  | Orb.
     0 | D:1      | Reached XP level 1. HP: 19/19 MP: 1/1
    18 | D:1      | XOM: divination: detect items
   194 | D:1      | Reached XP level 2. HP: 23/27 MP: 2/2
   210 | D:1      | Reached skill level 4 in Fighting
   242 | D:1      | XOM: cloud trail
   413 | D:1      | HP: 1/27 [kobold/stone (2)]
   415 | D:1      | Slain by a kobold

Levels and vault maps discovered:
D:1:      wander_arrival_desolate, layout_basic

Skill      XL: |  1  2 |
---------------+-------+-----
Fighting       | 4 |  4.0
Axes           | |  3.1
Dodging        | |  2.1

Action                   || total
-------------------------++-------
Melee: Hand axe          ||    40
       Tailslap          ||     1
Armor: Skin              ||     8
Dodge: Dodged            ||    21

Table legend:
 A = Non-vault XP
 B = Vault XP
 C = Vault XP percentage of total XP
 D = Non-vault monster count
 E = Vault monster count
 F = Vault count percentage of total count
                 A         B        C        D         E       F
            +---------+---------+-------+---------+---------+-------
      Total |      18 |       0 |   0.0 |      11 |       0 |   0.0
            +---------+---------+-------+---------+---------+-------
        D:1 |      18 |       0 |   0.0 |      11 |       0 |   0.0
            +---------+---------+-------+---------+---------+-------
